AoeStats
← El Fantasma de Pancho Villa

Pilgrims

507186005Analyzed
4v4 RM · 16d ago on Sep 17, 2026· 22m 8s· 8 players
Game mode
Random Map
Map size
Large (8 player)
Population
200
Speed
Normal
Resources
Standard
Victory
Conquest
Starting age
Dark Age
Ending age
Imperial Age
RankedLock teamsTeams togetherTeam positionsShared explorationLock speedFull tech treeHidden civsTurbo modeCheats
Victory
Defeat
🇲🇽 Persians · Mexico
1154
+16
🇺🇸 Cumans · United States
1145
+16
🇺🇸 Italians · United States
1131
+17
🇲🇽 Franks · Mexico
1074
+18
🇦🇷 Britons · Argentina
1181
-18
🇨🇱 Berbers · Chile
1174
-18
🇹🇷 Celts · Türkiye
1115
-16
🇦🇺 Huns · Australia
1111
-15
GaboAlv
9:08 Loom
12:13 Feudal Age
19:28 Castle Age
17:46 Scale Barding Armor
19:40 Light Cavalry
21:12 Wheelbarrow
El Fantasma de Pancho Villa
12:15 Loom
14:46 Feudal Age
15:06 Man-at-Arms
16:34 Scale Mail Armor
17:01 Forging
21:13 Wheelbarrow
20:29 Double-Bit Axe
20:31 Horse Collar
ABRAXAS
9:55 Loom
12:15 Feudal Age
13:22 Fishing Lines
15:50 Wheelbarrow
15:41 Fletching
16:07 Double-Bit Axe
22:47 Castle Age
Boywars
6:21 Loom
11:41 Feudal Age
17:01 Castle Age
17:53 Husbandry
18:10 Fletching
21:11 Double-Bit Axe
Viglaf
5:15 Loom
12:21 Feudal Age
14:03 Double-Bit Axe
14:02 Fishing Lines
18:47 Castle Age
17:15 Man-at-Arms
17:41 Arson
19:29 Gillnets
19:50 Medium Warships
19:32 Fletching
19:53 Bow Saw
19:38 Gold Mining
19:54 Scale Mail Armor
19:41 Light Cavalry
20:22 Husbandry
20:34 Forging
21:43 Chain Mail Armor
21:12 Horse Collar
22:09 Gold Shaft Mining
not.matiasz
4:22 Loom
12:47 Feudal Age
13:38 Town Watch
17:33 Wheelbarrow
19:21 Fletching
20:04 Padded Archer Armor
23:08 Castle Age
VaSen
11:25 Loom
14:24 Feudal Age
15:17 Arson
21:16 Castle Age
KingJo
13:39 Feudal Age
11:58 Loom
13:45 Man-at-Arms
14:11 Double-Bit Axe
Connection lost

Rejoining the realm…

Still unreachable

The connection could not be restored.

Session expired

The server has moved on; the page needs a fresh start.